General information
- name: BNet
- type: Ladder team game (AT/RT)
- host: Battle.net
- saver: w00tah.com
map: Highperch
- players: 6
- length: 29:04
- speed: Fast
- version: 1.21 W3XP
- replay type: Public
» download(128 KB)
Players
team 1 (winner)
GOKUMaN69 (
yellow | 59 APM | 1705 actions | 28:58)
8 Blademaster
3 Wind Walk
3 Critical Strike
1 Bladestorm
1 Mirror Image
» actions
| Assign group hotkey | 4 | |
| Build / train | 54 | |
| Enter build submenu | 56 | |
| Enter hero's abilities submenu | 8 | |
| Give item / drop item | 4 | |
| Remove unit from queue | 3 | |
| Right click | 969 | |
| Select / deselect | 362 | |
| Select group hotkey | 8 | |
| Use ability | 237 | |
1705 total
» units
| Peon | 12 | |
| Troll Batrider | 6 | |
| Wind Rider | 2 | |
20 total
» upgrades
| Spiked Barricades | 3 | |
| Ranged Weapons | 2 | |
| Armor | 2 | |
| Liquid Fire | 1 | |
| Reinforced Defenses | 1 | |
| Envenomed Spears | 1 | |
10 total
» buildings
| War Mill | 1 | |
| Altar of Storms | 1 | |
| Orc Burrow | 4 | |
| Watch Tower | 47 | |
| Voodoo Lounge | 1 | |
| Stronghold | 1 | |
| Fortress | 1 | |
| Beastiary | 2 | |
| Great Hall | 1 | |
59 total
» build order
00:06 War Mill
00:25 Altar of Storms
00:37 Orc Burrow
02:01 Watch Tower
02:05 Watch Tower
02:54 Watch Tower
03:05 Watch Tower
03:29 Watch Tower
04:04 Voodoo Lounge
04:51 Watch Tower
04:53 Stronghold
04:54 Orc Burrow
04:57 Orc Burrow
05:03 Watch Tower
05:20 Watch Tower
05:54 Watch Tower
06:29 Watch Tower
06:31 Watch Tower
06:47 Watch Tower
07:33 Watch Tower
07:43 Watch Tower
07:45 Fortress
07:47 Beastiary
07:58 Watch Tower
08:02 Watch Tower
08:15 Beastiary
08:18 Orc Burrow
09:18 Watch Tower
09:20 Watch Tower
10:29 Watch Tower
10:32 Watch Tower
10:59 Watch Tower
11:49 Watch Tower
15:25 Watch Tower
15:26 Watch Tower
15:27 Watch Tower
15:29 Watch Tower
15:30 Watch Tower
15:31 Watch Tower
15:33 Watch Tower
15:34 Watch Tower
16:17 Watch Tower
16:18 Watch Tower
18:06 Watch Tower
18:10 Watch Tower
18:12 Watch Tower
18:14 Watch Tower
18:16 Watch Tower
19:25 Great Hall
19:28 Watch Tower
19:28 Watch Tower
19:29 Watch Tower
19:30 Watch Tower
21:06 Watch Tower
21:20 Watch Tower
27:23 Watch Tower
27:28 Watch Tower
28:53 Watch Tower
» items
| Healing Salve | 2 | |
| Lesser Clarity Potion | 1 | |
| Boots of Speed | 1 | |
| Staff of Teleportation | 1 | |
| Orb of Lightning | 1 | |
| Potion of Mana | 1 | |
7 total
gwbushin2008 (
teal | 62 APM | 1807 actions | 28:58)
7 Warden
3 Shadow Strike
3 Blink
1 Spirit of Vengeance
» actions
| Assign group hotkey | 114 | |
| Basic commands | 48 | |
| Build / train | 52 | |
| ESC pressed | 1 | |
| Enter build submenu | 19 | |
| Enter hero's abilities submenu | 8 | |
| Give item / drop item | 3 | |
| Right click | 1194 | |
| Select / deselect | 219 | |
| Select group hotkey | 63 | |
| Use ability | 86 | |
1807 total
» units
| Wisp | 26 | |
| Druid of the Talon | 5 | |
31 total
» upgrades
| Druid of the Talon Training | 2 | |
2 total
» buildings
| Altar of Elders | 1 | |
| Moon Well | 30 | |
| Tree of Ages | 3 | |
| Ancient of Wind | 2 | |
| Tree of Life | 1 | |
| Tree of Eternity | 1 | |
38 total
» build order
00:03 Altar of Elders
00:20 Moon Well
02:28 Moon Well
03:54 Moon Well
04:38 Tree of Ages
04:39 Tree of Ages
04:39 Tree of Ages
05:01 Moon Well
05:02 Moon Well
06:01 Moon Well
06:02 Moon Well
07:04 Ancient of Wind
07:05 Ancient of Wind
08:03 Moon Well
08:04 Moon Well
08:19 Tree of Life
08:40 Tree of Eternity
20:13 Moon Well
20:14 Moon Well
20:15 Moon Well
20:16 Moon Well
20:16 Moon Well
20:16 Moon Well
20:17 Moon Well
20:17 Moon Well
20:18 Moon Well
20:18 Moon Well
20:19 Moon Well
20:21 Moon Well
20:35 Moon Well
20:36 Moon Well
20:36 Moon Well
20:37 Moon Well
20:37 Moon Well
20:38 Moon Well
20:39 Moon Well
20:40 Moon Well
20:40 Moon Well
» items
| Staff of Teleportation | 1 | |
| Boots of Speed | 1 | |
| Orb of Lightning | 1 | |
| Scroll of Regeneration | 1 | |
| Potion of Healing | 1 | |
| Potion of Mana | 1 | |
| Lesser Clarity Potion | 1 | |
7 total
w00tah.com (
purple | 33 APM | 960 actions | 29:04)
4 Archmage
2 Blizzard
2 Brilliance Aura
3 Paladin
2 Holy Light
1 Divine Shield
» actions
| Assign group hotkey | 8 | |
| Basic commands | 2 | |
| Build / train | 64 | |
| ESC pressed | 3 | |
| Enter build submenu | 34 | |
| Enter hero's abilities submenu | 7 | |
| Give item / drop item | 2 | |
| Remove unit from queue | 1 | |
| Right click | 343 | |
| Select / deselect | 256 | |
| Select group hotkey | 29 | |
| Use ability | 211 | |
960 total
» units
| Peasant | 15 | |
| Dragonhawk Rider | 3 | |
18 total
» upgrades
| Masonry | 3 | |
| Swords | 2 | |
| Lumber Harvesting | 2 | |
| Magic Sentry | 1 | |
| Armor | 2 | |
| Animal War Training | 1 | |
| Priest Training | 1 | |
| Sorceress Training | 1 | |
13 total
» buildings
| Altar of Kings | 1 | |
| Lumber Mill | 1 | |
| Farm | 11 | |
| Scout Tower | 82 | |
| Guard Tower | 13 | |
| Arcane Tower | 1 | |
| Keep | 1 | |
| Arcane Vault | 1 | |
| Blacksmith | 1 | |
| Barracks | 1 | |
| Arcane Sanctum | 1 | |
| Gryphon Aviary | 2 | |
| Town Hall | 3 | |
| Castle | 1 | |
120 total
» build order
00:07 Altar of Kings
00:12 Lumber Mill
00:20 Farm
00:45 Farm
01:14 Scout Tower
01:22 Scout Tower
01:44 Scout Tower
01:49 Scout Tower
01:50 Guard Tower
02:13 Arcane Tower
02:16 Guard Tower
02:17 Guard Tower
02:20 Scout Tower
02:23 Scout Tower
02:35 Scout Tower
02:39 Scout Tower
03:02 Guard Tower
03:52 Scout Tower
03:53 Scout Tower
03:54 Scout Tower
03:55 Scout Tower
04:02 Guard Tower
04:10 Keep
04:26 Guard Tower
04:30 Arcane Vault
04:33 Scout Tower
04:34 Scout Tower
04:34 Scout Tower
04:35 Scout Tower
04:36 Scout Tower
04:39 Scout Tower
04:41 Scout Tower
04:42 Scout Tower
05:31 Guard Tower
05:36 Blacksmith
05:39 Barracks
05:50 Scout Tower
05:51 Scout Tower
05:52 Scout Tower
05:54 Scout Tower
05:55 Scout Tower
05:56 Scout Tower
06:00 Scout Tower
06:00 Scout Tower
06:01 Scout Tower
06:03 Scout Tower
06:05 Scout Tower
07:08 Arcane Sanctum
07:12 Gryphon Aviary
07:14 Gryphon Aviary
07:29 Guard Tower
07:41 Guard Tower
09:24 Town Hall
09:32 Farm
09:33 Farm
09:34 Farm
09:35 Farm
09:37 Farm
09:38 Farm
09:39 Farm
09:41 Farm
09:41 Farm
11:54 Castle
13:18 Scout Tower
17:24 Town Hall
17:27 Scout Tower
17:28 Scout Tower
17:29 Scout Tower
17:31 Scout Tower
17:31 Scout Tower
17:32 Scout Tower
17:34 Scout Tower
17:36 Scout Tower
17:38 Scout Tower
17:39 Scout Tower
17:39 Scout Tower
17:40 Scout Tower
17:42 Scout Tower
17:43 Scout Tower
17:45 Scout Tower
17:46 Scout Tower
17:47 Scout Tower
17:48 Scout Tower
17:48 Scout Tower
17:49 Scout Tower
18:40 Guard Tower
20:54 Scout Tower
20:56 Scout Tower
20:57 Scout Tower
20:57 Scout Tower
21:00 Scout Tower
21:01 Scout Tower
21:02 Scout Tower
21:02 Scout Tower
21:03 Scout Tower
21:03 Scout Tower
21:06 Scout Tower
21:07 Scout Tower
21:10 Scout Tower
21:11 Scout Tower
21:12 Scout Tower
21:14 Scout Tower
21:16 Scout Tower
21:17 Scout Tower
21:17 Scout Tower
21:22 Town Hall
22:09 Guard Tower
23:54 Guard Tower
23:57 Guard Tower
24:04 Scout Tower
24:05 Scout Tower
24:06 Scout Tower
24:07 Scout Tower
24:07 Scout Tower
24:08 Scout Tower
24:09 Scout Tower
24:10 Scout Tower
24:11 Scout Tower
24:12 Scout Tower
24:13 Scout Tower
» items
| Boots of Speed | 2 | |
| Staff of Teleportation | 2 | |
| Scroll of Town Portal | 1 | |
| Staff of Sanctuary | 1 | |
| Ivory Tower | 1 | |
7 total
team 2 (loser)
bhoot (
blue | 19 APM | 557 actions | 28:57)
1 Far Seer
1 Feral Spirit
» actions
| Build / train | 53 | |
| Enter build submenu | 11 | |
| Enter hero's abilities submenu | 1 | |
| Right click | 91 | |
| Select / deselect | 384 | |
| Use ability | 17 | |
557 total
» units
| Peon | 6 | |
| Troll Headhunter/Berserker | 6 | |
| Demolisher | 13 | |
| Wind Rider | 22 | |
47 total
» upgrades
| Burning Oil | 1 | |
| Envenomed Spears | 1 | |
2 total
» buildings
| Orc Burrow | 4 | |
| Barracks | 1 | |
| Altar of Storms | 1 | |
| War Mill | 1 | |
| Stronghold | 1 | |
| Fortress | 1 | |
| Beastiary | 4 | |
13 total
» build order
00:11 Orc Burrow
00:15 Barracks
00:22 Altar of Storms
01:31 War Mill
05:08 Orc Burrow
06:06 Orc Burrow
06:34 Stronghold
08:36 Orc Burrow
10:13 Fortress
10:18 Beastiary
11:37 Beastiary
13:35 Beastiary
25:10 Beastiary
Mattman13 (
orange | 15 APM | 402 actions | 27:35)
2 Death Knight
1 Death Coil
1 Unholy Aura
» actions
| Basic commands | 36 | |
| Build / train | 50 | |
| Enter build submenu | 21 | |
| Enter hero's abilities submenu | 3 | |
| Right click | 120 | |
| Select / deselect | 149 | |
| Use ability | 23 | |
402 total
» units
| Acolyte | 3 | |
| Ghoul | 17 | |
| Crypt Fiend | 9 | |
| Meatwagon | 2 | |
| Frost Wyrm | 5 | |
36 total
» upgrades
» buildings
| Altar of Darkness | 2 | |
| Ziggurat | 7 | |
| Crypt | 2 | |
| Graveyard | 1 | |
| Halls of the Dead | 1 | |
| Spirit Tower | 7 | |
| Black Citadel | 1 | |
| Slaughterhouse | 2 | |
| Sacrificial Pit | 1 | |
| Boneyard | 2 | |
26 total
» build order
00:24 Altar of Darkness
00:33 Ziggurat
00:52 Crypt
01:20 Ziggurat
01:37 Graveyard
02:13 Crypt
03:15 Ziggurat
06:34 Ziggurat
06:44 Halls of the Dead
08:03 Spirit Tower
08:05 Spirit Tower
08:06 Spirit Tower
08:08 Spirit Tower
08:14 Ziggurat
10:32 Black Citadel
11:00 Spirit Tower
11:19 Slaughterhouse
11:29 Sacrificial Pit
11:39 Altar of Darkness
12:41 Ziggurat
13:05 Ziggurat
13:23 Slaughterhouse
13:54 Boneyard
14:09 Spirit Tower
14:11 Spirit Tower
15:15 Boneyard
pumae (
pink | 23 APM | 669 actions | 28:31)
1 Blood Mage
1 Flame Strike
» actions
| Basic commands | 302 | |
| Build / train | 50 | |
| ESC pressed | 1 | |
| Enter build submenu | 16 | |
| Enter hero's abilities submenu | 1 | |
| Remove unit from queue | 2 | |
| Select / deselect | 257 | |
| Use ability | 40 | |
669 total
» units
| Peasant | 15 | |
| Footman | 8 | |
| Rifleman | 2 | |
| Mortar Team | 16 | |
41 total
» upgrades
| Defend | 1 | |
| Flare | 1 | |
| Long Rifles | 1 | |
3 total
» buildings
| Altar of Kings | 1 | |
| Farm | 10 | |
| Barracks | 2 | |
| Keep | 1 | |
| Blacksmith | 1 | |
| Workshop | 2 | |
| Castle | 1 | |
18 total
» build order
00:05 Altar of Kings
00:23 Farm
00:38 Barracks
01:02 Farm
01:45 Barracks
01:59 Farm
04:34 Farm
07:57 Farm
08:40 Keep
08:47 Blacksmith
11:08 Workshop
12:08 Workshop
12:28 Farm
13:59 Farm
14:40 Farm
16:37 Farm
19:23 Castle
19:27 Farm
Chat log
(00:57 / All) GOKUMaN69: u good?
(01:03 / All) Mattman13: dunno
(01:07 / All) pumae: nah man, we are pretty nub
(01:10 / All) GOKUMaN69: APM?
(01:11 / All) pumae: our first time playing
(01:15 / All) gwbushin2008: mattman is ur name matt? i think i know u irl
(01:42 / All) Mattman13: yeah it is my name
(01:48 / All) bhoot: where u from
(01:55 / All) Mattman13: im from oxford ohio
(02:27 / All) bhoot: cornell Wisconsin here
(02:36 / All) GOKUMaN69: what house number>
(02:42 / All) pumae: left big crater, moon. Here
(02:43 / All) bhoot: y
(02:48 / All) GOKUMaN69: I live there
(02:57 / All) bhoot: wat
(03:03 / All) bhoot: how old r u
(03:07 / Allies) GOKUMaN69: 12
(03:10 / All) GOKUMaN69: 13
(03:26 / All) bhoot: huh
(03:31 / All) GOKUMaN69: IM 14
(03:32 / All) bhoot: wat ur name
(03:37 / All) GOKUMaN69: John
(03:49 / All) bhoot: john heckey
(03:56 / All) GOKUMaN69: yes
(04:02 / All) bhoot: wat
(04:07 / All) GOKUMaN69: thats me
(04:26 / All) bhoot: how come u not ride bus anymore
(04:29 / All) gwbushin2008: john we know this guy?/ is he from school
(04:44 / All) GOKUMaN69: got my bad 2 drive mr
(04:53 / All) bhoot: ic
(05:12 / All) GOKUMaN69: how long u been playing wc?
(05:24 / All) bhoot: not long
(05:44 / All) bhoot: r u still michaels freind
(05:52 / All) GOKUMaN69: yeah bro
(05:58 / All) bhoot: lol
(10:25 / All) w00tah.com: gg leave noobs
(10:36 / All) bhoot: fuck no
(10:40 / All) pumae: hey there, be a good sport
(10:41 / All) GOKUMaN69: why not
(10:55 / All) GOKUMaN69: u mad?
(11:00 / All) pumae: are you?
(11:02 / All) pumae: lol
(11:04 / All) bhoot: hell yea
(11:07 / All) Mattman13: im not mad
(11:12 / All) Mattman13: hoot do u know that guy
(11:19 / All) bhoot: yea
(11:49 / All) bhoot: c all tower
(21:55 / All) gwbushin2008: have u seen borat
(22:04 / All) Mattman13: nah i haven't
(22:09 / All) gwbushin2008: U SHOULD MAN
(22:12 / All) gwbushin2008: THERE'S THIS SCENE
(22:14 / All) gwbushin2008: WHERE LIKE
(22:19 / All) gwbushin2008: "IT'S GAY SEX"
(22:22 / All) gwbushin2008: BUT IT'S HELLA FUNNY
(22:23 / All) gwbushin2008: AND GROSS
(22:48 / All) pumae: well, i hope you guys are having fun with this
(22:55 / All) gwbushin2008: I LOVE VBORAT
(22:55 / All) w00tah.com: hell yah we are
(22:56 / All) pumae: i dont consider this very honorable
(23:00 / All) pumae: but alright
(23:07 / All) w00tah.com: was this a no rush 20 ?
(23:10 / All) w00tah.com: i didn't see that
(23:26 / All) pumae: lol, im trying to be nice here
(23:32 / All) pumae: you could have the decency of doing the same
(23:38 / All) pumae: just shows what kind of person you are
(23:44 / Allies) gwbushin2008: We r Evil inside
(23:47 / All) GOKUMaN69: u mad?
(23:49 / All) gwbushin2008: Get Dark
(23:53 / All) pumae: at your behavior, yeah
(23:58 / All) bhoot: yea
(24:25 / All) gwbushin2008: matt
(24:26 / All) gwbushin2008: turn back
(24:31 / All) gwbushin2008: I TRIED 2 WARN U
(24:35 / All) pumae: lol
(24:42 / All) w00tah.com: my name is franklin
(24:45 / All) pumae: you guys played well with your heros, shows that you are skillful
(24:49 / All) pumae: good job
(24:49 / All) Mattman13: lol what else was i gonna do thi sis rediculous
(25:12 / All) Mattman13: do you guys even have units to beat us?
(25:12 / All) pumae: eh, we are nubs, woot
(25:18 / All) gwbushin2008: no
(25:24 / All) GOKUMaN69: woot
(25:34 / All) pumae: lol
(25:37 / All) bhoot: were r not good togetther
(25:44 / All) pumae: anyways
(25:58 / All) Mattman13: hmm that was the weirdest thing ive ever seen
(26:04 / All) gwbushin2008: WAS IT BORAT
(26:07 / All) GOKUMaN69: what?
(26:10 / All) Mattman13: lol those towers
(26:17 / All) GOKUMaN69: whyu?
(26:17 / All) w00tah.com: what towers ?
(26:19 / All) Mattman13: ive never seen that before
(26:28 / All) Mattman13: it was genious
(26:29 / All) GOKUMaN69: it works
(26:39 / All) pumae: sometimes
(26:41 / All) w00tah.com: stick around we got a few more tricks up our sleeves
(26:45 / All) pumae: you guys did very well with your heros
(26:50 / All) pumae: its what won you i think
(26:53 / All) gwbushin2008: thank u i pracitce in hero league
(27:00 / All) Mattman13: that game was pretty much all heros
(27:09 / All) GOKUMaN69: yeah
(27:14 / All) w00tah.com: too bad you didn't use yours
(27:14 / All) GOKUMaN69: maybe next time creep
(27:16 / All) pumae: ok, well, i gtg
(27:20 / All) w00tah.com: or micro at all
(27:21 / All) gwbushin2008: have a godo time man
(27:30 / All) Mattman13: u guys did well
(27:31 / All) gwbushin2008: remember to watch borat before u meet john again
(27:34 / All) w00tah.com: blue lost all his shit to 3 blizzards, he never moved a single troll
(27:39 / All) pumae: haha why are you attackin us purp?
(27:47 / All) pumae: we are all nice
(27:56 / All) gwbushin2008: Really nice!
(27:58 / All) pumae: think outside the game for once eh?
(28:16 / All) pumae: we play for fun, unlike some people obviously lol
(28:21 / All) gwbushin2008: I PLAY FOR HATE
(28:23 / All) w00tah.com: dont leave, let us show you the final product of our work
(28:27 / All) pumae: nah
(28:41 / All) bhoot: wat is it
(28:50 / All) w00tah.com: a "highperch"
(28:53 / All) bhoot: u store